 Dungeon Crawl Stone Soup version 0.30-a0-600-gb7c8574cbb (webtiles) character file.

Game seed: 12218442064706634075

88 BlackLaughter the Covered (level 4, -1/29 HPs)
             Began as a Gargoyle Fighter on Jan 7, 2023.
             Killed from afar by an orc wizard (6 damage)
             ... with a magic dart
             ... on level 4 of the Dungeon.
             The game lasted 00:06:48 (1369 turns).

BlackLaughter the Covered (Gargoyle Fighter)        Turns: 1369, Time: 00:06:49

Health: -1/29      AC: 14    Str: 19    XL:     4   Next: 54%
Magic:  4/4        EV:  7    Int:  9    God:
Gold:   94         SH:  4    Dex: 11    Spells: 3/3 levels left

rFire   . . .      SeeInvis .    a - +0 flail
rCold   . . .      Faith    .    c - +0 buckler
rNeg    + . .      Spirit   .    k - +0 chain mail
rPois   ∞          Reflect  .    (no helmet)
rElec   +          Harm     .    r - +0 cloak
rCorr   .          Rampage  .    (no gloves)
Will    .....                    (no boots) Stlth
                                 (no amulet)
HPRegen 0.24/turn                m - +4 ring of slaying
MPRegen 0.09/turn                (no ring)

@: mighty, hasted, very quick
A: sickness immunity, AC +3, negative energy resistance 1, electricity
resistance, torment resistance 1, petrification resistance
a: no special abilities


You were on level 4 of the Dungeon.
You visited 1 branch of the dungeon, and saw 4 of its levels.

You collected 94 gold pieces.

Inventory:

Hand Weapons
 a - a +0 flail (weapon)
Armour
 b - a +0 scale mail
 c - a +0 buckler (worn)
 k - a +0 chain mail (worn)
 o - a scarf of resistance
 r - a +0 cloak (worn)
Jewellery
 m - a +4 ring of slaying (left hand)
Potions
 f - 4 potions of curing
 i - 2 potions of heal wounds
 n - a potion of brilliance


   Skills:
 + Level 4.0 Fighting
 + Level 2.9 Maces & Flails
 + Level 4.3 Armour
 + Level 0.1 Dodging
 + Level 0.1 Stealth
 + Level 3.6 Shields


You had 3 spell levels left.
You didn't know any spells.
Your spell library contained the following spells:

 Spells                   Type           Power      Damage    Failure   Level
 Summon Guardian Golem    Hex/Summ       0%         N/A       100%        3
 Leda's Liquefaction      Hex/Erth       0%         N/A       100%        4
 Lee's Rapid Deconstruct  Erth           0%         3d4*      100%        5
 Orb of Destruction       Conj           0%         9d5       100%        7
 Spellforged Servitor     Conj/Summ      0%         N/A       100%        7
 Statue Form              Tmut/Erth      Unusable   N/A       N/A         6

Dungeon Overview and Level Annotations

Branches:
Dungeon (4/15)
 Temple: D:4-7

Altars:
Zin


Innate Abilities, Weirdness & Mutations

You are immune to sickness and miasma.
Your stone body is resilient. (AC +3)
You are immune to poison.
You resist negative energy. (rN+)
You are resistant to electric shocks. (rElec)
You are resistant to unholy torment.
You are immune to petrification.


Message History

The orc shouts!
A hobgoblin comes into view.
The hobgoblin shouts!
The frilled lizard completely misses you.
You see here a scroll labelled PYNILIDURO.
The orc wizard barely misses you. The orc hits you with a +0 dagger.
There is a stone staircase leading down here.
The hobgoblin hits you but does no damage.
The orc wizard hits you but does no damage.
The frilled lizard closely misses you. You block the ogre's attack.
You climb downwards.
The iguana hisses angrily.
The orc shouts!
You hear a shout! x2
Found 5 poisoned darts.
There is a stone staircase leading up here.
You aren't carrying any scrolls.
You feel very mighty all of a sudden.
The orc wizard hits you but does no damage.
The frilled lizard bites you but does no damage.
The hobgoblin closely misses you. The ogre hits you with a +0 giant club!
Ouch! That really hurt!
An orc comes into view. It is wielding a +0 dagger.
An orc comes into view. It is wielding a +0 short sword.
You feel yourself speed up.
The orc wizard hits you with a +0 dagger.
The frilled lizard bites you but does no damage.
The hobgoblin hits you but does no damage.
You hit the ogre.
The ogre is lightly wounded.
The orc wizard gestures at you while chanting.
The puff of flame hits you. The hobgoblin barely misses you.
The ogre hits you but does no damage. You block the frilled lizard's attack.
You sock the ogre!
The ogre is severely wounded.
The iguana bites you but does no damage.
The hobgoblin hits you.
* * * LOW HITPOINT WARNING * * *
The frilled lizard bites you but does no damage.
The orc wizard casts a spell at you. The magic dart hits you.
You die...

.. #. ##o
.o## #..##
...###
###Oo..#
#.l@o.#
#.lg..#
#........
#........#
#....#####
.#...(
###....
##...#


You could see an ogre, an iguana, an orc wizard, 3 orcs, a hobgoblin and a
frilled lizard.

Vanquished Creatures
  4 adders
  2 worms (D:2)
  A dart slug (D:1)
  2 ball pythons (D:1)
  A bat (D:1)
  3 giant cockroaches
  4 goblins
  7 hobgoblins
  4 jackals (D:2)
  A quokka (D:1)
  2 frilled lizards (D:1)
  5 kobolds
  10 rats
46 creatures vanquished.

Notes
Turn   | Place    | Note
-------+----------+-------------------------------------------
     0 | D:1      | BlackLaughter the Gargoyle Fighter began the quest for the
                  | Orb.
     0 | D:1      | Reached XP level 1. HP: 14/14 MP: 1/1
   195 | D:1      | Reached XP level 2. HP: 17/19 MP: 2/2
   552 | D:1      | Reached XP level 3. HP: 23/23 MP: 3/3
   991 | D:2      | Reached XP level 4. HP: 29/29 MP: 4/4
  1011 | D:2      | Found a glowing silver altar of Zin.
  1357 | D:3      | Noticed an ogre
  1369 | D:4      | Killed from afar by an orc wizard

Illustrated notes

Levels and vault maps discovered:
D:1:      elethiomel_arrival_diamonds, layout_loops_ring
D:2:      layout_rooms, basic_altar
D:3:      layout_basic, uniq_sigmund, uniq_ijyb
D:4:      layout_cave_pools, temple_doors_cd, hangedman_abyss_or_decor_stabs,
          minmay_misc_feat_secret_circle

Skill      XL: |  1  2  3  4 |
---------------+-------------+-----
Armour         | 4 |  4.3
Fighting       | 4 |  4.0
Maces & Flails | |  2.9
Dodging        | |  0.1
Stealth        | |  0.1
Shields        | |  3.6

Action                   |  1- 3 |  4- 6 || total
-------------------------+-------+-------++-------
Melee: Flail             |    98 |    25 ||   123
  Use: Potion            |       |     7 ||     7
       Scroll            |       |     4 ||     4
Armor: Scale mail        |    56 |       ||    56
       Chain mail        |    26 |    20 ||    46
Dodge: Dodged            |    55 |    14 ||    69
Block: Buckler           |    24 |     5 ||    29

Table legend: (Time is in decaauts)
 A = Elapsed time spent in this place.
 B = Non-inter-level travel time spent in this place.
 C = Inter-level travel time spent in this place.
 D = Time resting spent in this place.
 E = Time spent auto-exploring this place.
 F = Levels seen in this place.
 G = Mean time per level.
                   A        B        C        D        E       F      G
               +--------+--------+--------+--------+--------+-----+--------+
         Total |   1389 |   1273 |    116 |      0 |    900 |   4 |  347.2 |
       Dungeon |   1389 |   1273 |    116 |      0 |    900 |   4 |  347.2 |
               +--------+--------+--------+--------+--------+-----+--------+

Top non-repeatable levels by time:
     D:1: 922 daAuts
     D:2: 409 daAuts
     D:3: 54 daAuts
     D:4: 3 daAuts
